AoeStats
← Iguano Pop

Arabia

506597282Analyzed
1v1 RM · 18d ago on Sep 14, 2026· 45m 19s· 2 players
Game mode
Random Map
Map size
Tiny (2 player)
Population
200
Speed
Normal
Resources
Standard
Victory
Conquest
Starting age
Dark Age
Ending age
Imperial Age
RankedLock teamsTeams togetherTeam positionsShared explorationLock speedFull tech treeHidden civsTurbo modeCheats
Victory
Defeat
🇩🇪 Vietnamese · Germany
1361
+14
🇲🇽 Britons · Mexico
1319
-14
Iguano Pop
2:18 Loom
9:52 Feudal Age
10:37 Double-Bit Axe
20:13 Castle Age
25:04 Town Watch
26:51 Fletching
30:21 Wheelbarrow
36:37 Imperial Age
34:25 Hand Cart
34:53 Ballistics
34:45 Masonry
34:27 Gold Mining
34:46 Bodkin Arrow
37:06 Yeomen
38:01 Architecture
37:34 Bracer
38:55 Chemistry
38:37 Padded Archer Armor
39:55 Siege Engineers
39:39 Cavalier
40:22 Husbandry
40:28 Scale Barding Armor
44:46 Gold Shaft Mining
Dikaiopolis
5:24 Loom
12:17 Feudal Age
13:07 Double-Bit Axe
17:00 Wheelbarrow
18:02 Horse Collar
21:49 Castle Age
20:15 Gold Mining
20:19 Stone Mining
21:38 Fletching
23:04 Bow Saw
23:33 Bodkin Arrow
24:18 Heavy Plow
25:04 Padded Archer Armor
25:34 Town Watch
29:58 Leather Archer Armor
34:33 Imperial Age
35:27 Ballistics
36:25 Bracer
36:55 Ring Archer Armor
36:31 Scale Barding Armor
37:06 Bloodlines
36:56 Husbandry
36:17 Light Cavalry
38:02 Scale Mail Armor
38:15 Forging
39:00 Hand Cart
39:22 Stone Shaft Mining
41:19 Chain Barding Armor
43:52 Plate Barding Armor
43:04 Elite Rattan Archer
44:50 Chemistry
Connection lost

Rejoining the realm…

Still unreachable

The connection could not be restored.

Session expired

The server has moved on; the page needs a fresh start.